 Dungeon Crawl Stone Soup version 0.29-a0-870-g2c972031a6 (webtiles) character file.

Game seed: 1329872195810993861

1866 Nato the Transmogrifier (level 9, -1/58 HPs)
             Began as an Octopode Transmuter on July 18, 2022.
             Was a Follower of Cheibriados.
             Slain by a gnoll sergeant
             ... wielding a +4 spear of venom
              (13 damage)
             ... on level 6 of the Dungeon.
             The game lasted 00:21:27 (13965 turns).

Nato the Transmogrifier (Octopode Transmuter)      Turns: 13965, Time: 00:21:28

Health: -1/58      AC:  2    Str: 16    XL:     9   Next: 13%
Magic:  10/12      EV: 23    Int: 17    God:    Cheibriados [*.....]
Gold:   200        SH:  0    Dex: 25    Spells: 2/12 levels left

rFire   . . .      SeeInvis .     - Unarmed
rCold   . . .      Faith    .   (shield currently unavailable)
rNeg    . . .      Spirit   .   (helmet currently unavailable)
rPois   x          Reflect  .   (no amulet)
rElec   .          Harm     .   o - ring of wizardry
rCorr   .          Rampage  .   s - +6 ring of dexterity
Will    .....                   (no ring)
Stlth   ++........              (no ring)
HPRegen 0.19/turn               (no ring)
MPRegen 0.13/turn               (no ring)
                                (no ring)
                                (no ring)

@: lethally poisoned (-1 -> -48), spider-form, very slow
A: venomous fangs, almost no armour, (amphibious), 8 rings, tiny, (camouflage
1), (gelatinous body 1), (nimble swimmer 1), (tentacles)
a: End Transformation, Renounce Religion, Bend Time


You were on level 6 of the Dungeon.
You worshipped Cheibriados.
Cheibriados was aware of your devotion.
You were a venomous arachnid creature.
You visited 2 branches of the dungeon, and saw 7 of its levels.

You collected 337 gold pieces.
You spent 137 gold pieces at shops.

Inventory:

Missiles
 n - a throwing net
 p - 25 poisoned darts
Armour
 A - a +0 hat (melded)
Jewellery
 o - a ring of wizardry (left front leg)
 s - a +6 ring of dexterity (right front leg)
Wands
 d - a wand of mindburst (3) (quivered)
 j - a wand of charming (9)
 k - a wand of light (7)
Scrolls
 b - a scroll of poison
 e - a scroll of noise
 h - a scroll of vulnerability
 l - 2 scrolls of amnesia {unknown}
 m - a scroll of enchant weapon {unknown}
 r - a scroll of blinking {unknown}
 t - a scroll of silence {unknown}
 w - 3 scrolls of enchant armour {unknown}
 x - a scroll of brand weapon {unknown}
 y - 3 scrolls of teleportation {unknown}
 z - a scroll of identify
Potions
 a - a potion of lignification
 c - 4 potions of curing
 f - 2 potions of mutation
 g - 2 potions of brilliance
 i - 2 potions of degeneration {unknown}
 q - a potion of attraction {unknown}
 u - 3 potions of heal wounds
 v - 2 potions of cancellation {unknown}
 B - a potion of might {unknown}


   Skills:
 - Level 4.0 Fighting
 - Level 4.0 Dodging
 - Level 4.0 Unarmed Combat
 - Level 2.0 Spellcasting
 * Level 10.1 Transmutations
 - Level 1.0 Poison Magic


You had 2 spell levels left.
You knew the following spells:

 Your Spells              Type           Power      Damage    Failure   Level
a - Beastly Appendage     Tmut           72%        N/A       1%          1
b - Wereblood             Tmut           36%        N/A       1%          2
c - Spider Form           Tmut/Pois      20%        N/A       7%          3
d - Ice Form              Ice/Tmut       18%        N/A       21%         4

Your spell library contained the following spells:

 Spells                   Type           Power      Damage    Failure   Level
 Slow                     Hex            4%         N/A       16%         1
 Summon Small Mammal      Summ           4%         N/A       16%         1
 Call Canine Familiar     Summ           1%         N/A       38%         3
 Confusing Touch          Hex            1%         N/A       38%         3
 Gell's Gravitas          Tloc           1%         N/A       38%         3
 Lesser Beckoning         Tloc           1%         N/A       38%         3
 Ozocubu's Armour         Ice            1%         N/A       38%         3
 Summon Guardian Golem    Hex/Summ       1%         N/A       38%         3
 Teleport Other           Tloc           1%         N/A       38%         3
 Vampiric Draining        Necr           1%         2d6       38%         3
 Ozocubu's Refrigeration  Ice            0%         4d5       100%        7


Dungeon Overview and Level Annotations

Branches:
Dungeon (6/15)             Temple (1/1) D:4

Altars:
Ashenzari
Cheibriados
Elyvilon
Fedhas
Gozag
Hepliaklqana
Kikubaaqudgha
Makhleb
Nemelex Xobeh
Okawaru
Qazlal
Ru
Sif Muna
Trog
Uskayaw
Vehumet
Wu Jian
Xom
Yredelemnul
Zin
The Shining One

Shops:
D:2 [:?(   D:4 !

Annotations:
D:1 2 transporters
D:3 1 runed translucent door, Crazy Yiuf


Innate Abilities, Weirdness & Mutations

You are a venomous arachnid creature.
You have poisonous fangs.
You are tiny and dextrous.
Your spellcasting is less reliable in this form.
Your armour is entirely melded.
You are incapable of wielding weapons or throwing items.
You cannot wear most types of armour.
((You are amphibious.))
You can wear up to eight rings at the same time.
((Your skin changes colour to match your surroundings (Stealth+).))
((Your rubbery body absorbs attacks. (AC +1, EV +1)))
((You are camouflaged when in or above water. (Stealth+)))
((You have tentacles for arms and can constrict up to eight enemies at once.))


Message History

A gnoll is nearby!
A gnoll is nearby!
A gnoll is nearby!
A gnoll is nearby!
A gnoll is nearby!
Casting: Spider Form (dangerous; 2% risk of failure)
Confirm with . or Enter, or press ? or * to list all spells.
You turn into a venomous arachnid creature.
Your +0 hat melds into your body.
The gnoll shouts!
You hear a shout!
The gnoll completely misses you. The gnoll hits you with a +0 spear.
You hit the gnoll.
The gnoll is heavily wounded.
The gnoll sergeant misses you. The gnoll hits you with a +0 spear.
You hit the gnoll.
The gnoll is poisoned.
The gnoll is severely wounded.
The gnoll sergeant hits you from afar with a +4 spear of venom!
The gnoll barely misses you.
You barely miss the gnoll.
The gnoll is almost dead.
The gnoll hits you with a +0 spear. The gnoll sergeant closely misses you.
You barely miss the gnoll.
The gnoll is almost dead.
The gnoll sergeant closely misses you. The gnoll completely misses you.
You hit the gnoll but do no damage.
The gnoll looks as sick as possible!
The gnoll is almost dead.
You kill the gnoll!
Cheibriados appreciates the change of pace.
The gnoll sergeant hits you from afar with a +4 spear of venom!
You are lethally poisoned!
Aiming: Mindburst
Press: ? - help, Q - select action, (/) - cycle Shift-Dir - straight line, f - gnoll sergeant
Aim: a gnoll sergeant, wielding a +4 spear of venom and wearing a +0 scale mail (chance to affect: 64%)
The gnoll sergeant's mind is blasted!!
* * * LOW HITPOINT WARNING * * *
You feel extremely sick. The gnoll completely misses you.
The gnoll sergeant hits you from afar with a +4 spear of venom!
You die...

##...## #..### #
#..#.....## #....###
#### #..........##
##.....####...
#...........#
##.....#....#
#...........##
##......####
#............#
####...[###
###..........###....#.##
#.......<.......#####
#....>..g)s...###
##......g...###
##..........#
.....####### .###. . #
......


PPPP.. You could see a gnoll sergeant and a gnoll.

Vanquished Creatures
  A wyvern (D:5)
  An orc warrior (D:6)
  An ice beast (D:6)
  2 ogres
  3 scorpions
  A gnoll sergeant (D:6)
  3 howler monkeys (D:3)
  A jelly (D:5)
  7 hounds
  2 gnoll boudas (D:3)
  3 orc priests
  Natasha (thrice) (D:2)
  An iguana (D:6)
  3 orc wizards
  A mummy (D:4)
  22 gnolls
  5 adders
  A white imp (D:6)
  3 dart slugs
  36 orcs
  3 bats (D:1)
  8 endoplasms
  6 giant cockroaches
  8 goblins
  2 hobgoblins (D:3)
  12 jackals
  9 kobolds
  4 quokkas
  9 ball pythons
  2 frilled lizards (D:1)
  3 kobold zombies (D:4)
  An orc zombie (D:4)
  2 rats
169 creatures vanquished.

Vanquished Creatures (others)
  An orc wizard (D:6)
  A fungus (D:3)
  22 plants
24 creatures vanquished.

Grand Total: 193 creatures vanquished

Notes
Turn   | Place    | Note
-------+----------+-------------------------------------------
     0 | D:1      | Nato the Octopode Transmuter began the quest for the Orb.
     0 | D:1      | Reached XP level 1. HP: 13/13 MP: 3/3
    76 | D:1      | Reached XP level 2. HP: 12/18 MP: 5/5
   441 | D:1      | Found a faded altar of an unknown god.
   809 | D:1      | Reached XP level 3. HP: 23/23 MP: 4/6
  1368 | D:2      | Noticed Natasha
  1372 | D:2      | Learned a level 2 spell: Wereblood
  1377 | D:2      | Killed Natasha
  1378 | D:2      | Reached skill level 3 in Transmutations
  1433 | D:2      | Noticed Natasha
  1436 | D:2      | Killed Natasha
  1437 | D:2      | Reached XP level 4. HP: 24/29 MP: 5/7
  1506 | D:2      | Found Himpar's Magic Scroll Boutique.
  1515 | D:2      | Bought a scroll of poison for 48 gold pieces
  1515 | D:2      | Bought a scroll of identify for 24 gold pieces
  1545 | D:2      | Found Cavaecs's Weapon Shoppe.
  1727 | D:2      | Found Hosaofis's Book Shoppe.
  1863 | D:2      | Noticed Natasha
  1870 | D:2      | Killed Natasha
  1871 | D:2      | Reached XP level 5. HP: 24/34 MP: 8/8
  1977 | D:2      | Found Ruvuhytzic's Antique Armour Shop.
  2074 | D:2      | Learned a level 3 spell: Spider Form
  2337 | D:3      | Reached skill level 4 in Transmutations
  2350 | D:3      | Reached skill level 1 in Poison Magic
  2350 | D:3      | Reached XP level 6. HP: 41/41 MP: 7/9
  3530 | D:3      | Found a runed translucent door.
  3530 | D:3      | Noticed Crazy Yiuf
  4096 | D:3      | HP: 1/42 [gnoll/+0 halberd (18)]
  4673 | D:3      | Reached XP level 7. HP: 36/46 MP: 7/10
  4722 | D:3      | Reached skill level 5 in Transmutations
  7254 | D:3      | Reached skill level 6 in Transmutations
  8290 | D:4      | You fall into a shaft and drop 1 floor!
  8290 | D:5      | Entered Level 5 of the Dungeon
  8436 | D:5      | Reached XP level 8. HP: 37/54 MP: 8/11
  8803 | D:4      | Found Deimyf's Distillery.
  8811 | D:4      | Bought a potion of heal wounds for 65 gold pieces
  8844 | D:4      | Found a staircase to the Ecumenical Temple.
  9191 | Temple   | Entered the Ecumenical Temple
  9571 | Temple   | Became a worshipper of Cheibriados the Contemplative
  9657 | D:5      | Reached skill level 7 in Transmutations
 10610 | D:5      | Learned a level 4 spell: Ice Form
 10825 | D:5      | Noticed a wyvern
 10976 | D:6      | Reached skill level 8 in Transmutations
 11960 | D:6      | Reached skill level 9 in Transmutations
 12070 | D:5      | Killed a wyvern
 12191 | D:5      | Reached XP level 9. HP: 58/58 MP: 5/12
 13473 | D:6      | Reached skill level 10 in Transmutations
 13855 | D:6      | Reached * piety under Cheibriados
 13965 | D:6      | Slain by a gnoll sergeant

Illustrated notes

Levels and vault maps discovered:
D:1:      spicycebolla_arrival_transporter_tutorial, layout_basic,
          ebering_ecumenical_altar_abandoned, serial_bayou,
          serial_bayou_shore_b, serial_bayou_ford_a, serial_bayou_crossing,
          serial_bayou_pond_d, serial_bayou_pond_c, minmay_split_cup_small
D:2:      layout_basic, serial_shops, nicolae_shop_window_shopping, shop,
          nicolae_diamond_shop, shop, nrook_mini_backslash, uniq_natasha
D:3:      lemuel_castle_with_subvaults [lemuel_castle_interior_carwin_2],
          layout_rooms, hangedman_abyss_or_decor_stabs, uniq_crazy_yiuf_cottage
D:4:      layout_cave_pools, minmay_temple_entry_proselytizer, serial_shops,
          shop, serial_bayou_pond_e, minmay_mini_ossuary
D:5:      layout_layer_cave
D:6:      layout_cave_pods, cheibrodos_sewer_entry_bend, nicolae_grassy_gnolls
Temple:   mainiacjoe_temple_trianglar_array

Skill      XL: |  1  2  3  4  5  6  7  8  9 |
---------------+----------------------------+-----
Transmutations | 3 4 6 9 10 | 10.1
Fighting       | 2 3 4 |  4.0
Dodging        | 3 4 |  4.0
Poison Magic   | 1 |  1.0
Unarmed Combat | 4 |  4.0
Spellcasting   | |  2.0

Action                   |  1- 3 |  4- 6 |  7- 9 || total
-------------------------+-------+-------+-------++-------
Melee: Unarmed           |    53 |   143 |   256 ||   452
       Tentacles         |    11 |    35 |     6 ||    52
       Kick              |    16 |    49 |     5 ||    70
       Constrict         |    13 |    45 |    10 ||    68
       Punch             |       |     6 |       ||     6
 Cast: Beastly Appendage |    21 |    33 |    11 ||    65
       Wereblood         |       |     9 |     2 ||    11
       Spider Form       |       |       |    51 ||    51
Evoke: Wand              |       |       |     7 ||     7
  Use: Scroll            |       |     1 |     5 ||     6
       Potion            |       |       |     2 ||     2
 Stab: Sleeping          |     8 |     2 |     2 ||    12
Armor: Skin              |     8 |     5 |    13 ||    26
Dodge: Dodged            |    27 |   100 |   212 ||   339

Table legend: (Time is in decaauts)
 A = Elapsed time spent in this place.
 B = Non-inter-level travel time spent in this place.
 C = Inter-level travel time spent in this place.
 D = Time resting spent in this place.
 E = Time spent auto-exploring this place.
 F = Levels seen in this place.
 G = Mean time per level.
                   A        B        C        D        E       F      G
               +--------+--------+--------+--------+--------+-----+--------+
         Total |  14370 |  13524 |    846 |   7054 |   5014 |   7 | 2052.9 |
       Dungeon |  13956 |  13158 |    798 |   7054 |   4655 |   6 | 2326.0 |
        Temple |    413 |    366 |     47 |      0 |    359 |   1 |  413.0 |
               +--------+--------+--------+--------+--------+-----+--------+

Top non-repeatable levels by time:
     D:3: 4488 daAuts
     D:5: 3232 daAuts
     D:2: 2232 daAuts
     D:6: 2018 daAuts
     D:1: 1324 daAuts
     D:4: 660 daAuts
  Temple: 413 daAuts
